 Dungeon Crawl Stone Soup version 0.19.5-1-g796a6487f8 (webtiles) character file.

674 Maratek the Chopper (level 7, -6/61 HPs)
             Began as a Minotaur Fighter on Aug 24, 2023.
             Mangled by Duvessa
             ... wielding a +0 short sword
              (14 damage)
             ... on level 4 of the Dungeon.
             The game lasted 00:07:28 (2403 turns).

Maratek the Chopper (Minotaur Fighter)              Turns: 2403, Time: 00:07:28

Health: -6/61      AC: 11    Str: 22    XL:     7   Next: 33%
Magic:  6/6        EV:  2    Int:  5    God:
Gold:   178        SH: 10    Dex: 10    Spells: 0 memorised, 6 levels left

rFire  . . .     SeeInvis .     a - +0 war axe
rCold  . . .     Gourm    .     i - -1 plate armour
rNeg   . . .     Faith    .     c - +0 shield
rPois  .         Spirit   .     (helmet restricted)
rElec  .         Reflect  .     (no cloak)
rCorr  .         Harm     +     (no gloves)
MR     .....     Rnd*Tele +     (no boots)
Stlth  ..........               g - amulet of harm
                                (no ring)
                                j - ring of teleportation (curse)

@: slowed, glowing, constricted, very slow
A: retaliatory headbutt, horns 2
a: no special abilities


You were on level 4 of the Dungeon.
You were not hungry.

You visited 2 branches of the dungeon, and saw 5 of its levels.

You collected 178 gold pieces.

Inventory:

Hand Weapons
 a - a +0 war axe (weapon)
Armour
 c - a +0 shield (worn)
 i - a -1 plate armour (worn)
Jewellery
 g - an amulet of harm (around neck)
 j - a cursed ring of teleportation (left hand)
Wands
 q - a wand of teleportation (2/9)
Scrolls
 e - a scroll of enchant armour {unknown}
 h - 4 scrolls of teleportation
 k - 3 scrolls of enchant weapon
 l - a scroll of immolation
Potions
 d - a potion of might
 m - a potion of curing {unknown}
 n - a potion of cancellation {unknown}
 o - 2 potions of brilliance
Comestibles
 b - a royal jelly
 f - a bread ration
 p - a meat ration
 r - 3 fruits


   Skills:
 + Level 5.3 Fighting
 + Level 6.9 Axes
 + Level 5.2 Armour
 + Level 2.1 Dodging
 + Level 0.1 Stealth
 + Level 5.0 Shields


You had 6 spell levels left.
You didn't know any spells.

Dungeon Overview and Level Annotations

Branches:
Dungeon (4/15)             Temple (1/1) D:4

Altars:
Dithmenos
Elyvilon
Gozag
Hepliaklqana
Makhleb
Nemelex Xobeh
Qazlal
Ru
Sif Muna
Trog
Vehumet
Xom
Yredelemnul
Zin
The Shining One

Annotations:
D:4 Dowan, Duvessa, Eustachio


Innate Abilities, Weirdness & Mutations

You reflexively headbutt those who attack you in melee.
You have a pair of horns on your head.


Message History

You resist with some effort.
You feel less confused. Duvessa hits you with a short sword.
* * * LOW HITPOINT WARNING * * *
The ball python bites you but does no damage.
The ball python grabs you.
* * * LOW HITPOINT WARNING * * *
The ball python constricts you.
Dowan points at you and mumbles some strange words.
The puff of frost hits you!
* * * LOW HITPOINT WARNING * * *
The ball python bites you but does no damage.
The ball python constricts you. Dowan hits you but does no damage.
Duvessa drinks a potion.
Duvessa goes berserk!
You escape the ball python's grasp.
You block Duvessa's attack. Dowan casts a spell at you.
You are outlined in light.
You block the ball python's attack. The ball python grabs you.
The ball python constricts you. Duvessa hits you with a short sword!
You die...

.# #. .# #.## #
..# .. #..
#.#####...
#..####S......#
#.......@..#
...#...ee..##
..........##
#........##
#........#
.........#
.###......
##..#.. #....##


You could see Duvessa (berserk), Dowan and a ball python.

Vanquished Creatures
  Sigmund (D:3)
  An ogre (D:3)
  A scorpion (D:3)
  An orc priest (D:4)
  A hound (D:4)
  2 orc wizards (D:4)
  A bullfrog skeleton (D:4)
  Jessica (D:3)
  2 worker ants (D:3)
  3 gnolls (D:2)
  7 adders
  2 oozes
  6 orcs (D:4)
  5 bats
  7 giant cockroaches
  6 hobgoblins
  2 jackals (D:2)
  6 frilled lizards
  3 goblins
  9 kobolds
  A leopard gecko skeleton (D:4)
  A quokka skeleton (D:4)
  11 rats
  4 plants (D:4)
84 creatures vanquished.

Notes
Turn   | Place    | Note
-------+----------+-------------------------------------------
     0 | D:1      | Maratek the Minotaur Fighter began the quest for the Orb.
     0 | D:1      | Reached XP level 1. HP: 19/19 MP: 0/0
    89 | D:1      | Reached XP level 2. HP: 25/27 MP: 1/1
   518 | D:2      | Reached XP level 3. HP: 27/33 MP: 2/2
   533 | D:2      | Reached skill level 3 in Axes
   599 | D:2      | Reached skill level 1 in Dodging
   712 | D:2      | Reached XP level 4. HP: 36/40 MP: 3/3
   839 | D:2      | Found a deep blue altar of Sif Muna.
  1153 | D:3      | Noticed Sigmund
  1169 | D:3      | Killed Sigmund
  1169 | D:3      | Reached skill level 5 in Axes
  1169 | D:3      | Reached XP level 5. HP: 23/47 MP: 4/4
  1384 | D:3      | Reached XP level 6. HP: 53/53 MP: 5/5
  1532 | D:3      | Reached skill level 5 in Armour
  1641 | D:3      | Noticed Jessica
  1647 | D:3      | Killed Jessica
  1647 | D:3      | Reached skill level 5 in Fighting
  1918 | D:3      | Found a faded altar of an unknown god.
  1918 | D:3      | Found a bloodstained altar of Trog.
  1926 | D:3      | Found a glowing silver altar of Zin.
  1928 | D:3      | Found a faded altar of an unknown god.
  1930 | D:3      | Found a faded altar of an unknown god.
  2016 | D:3      | Reached skill level 6 in Axes
  2022 | D:4      | Found a staircase to the Ecumenical Temple.
  2059 | Temple   | Entered the Ecumenical Temple
  2373 | D:4      | Noticed Eustachio
  2379 | D:4      | Reached XP level 7. HP: 60/61 MP: 6/6
  2388 | D:4      | Reached skill level 5 in Shields
  2398 | D:4      | Noticed Duvessa
  2398 | D:4      | Noticed Dowan
  2403 | D:4      | Mangled by Duvessa

Skill      XL: |  1  2  3  4  5  6  7 |
---------------+----------------------+-----
Armour         | 4 5 |  5.2
Fighting       | 4 5 |  5.3
Axes           | 3 5 6 |  6.9
Dodging        | 1 2 |  2.1
Shields        | 4 5 |  5.0
Stealth        | |  0.1

Action                   |  1- 3 |  4- 6 |  7- 9 || total
-------------------------+-------+-------+-------++-------
Melee: War axe           |    86 |   133 |    18 ||   237
       Headbutt          |    11 |    27 |     2 ||    40
  Use: Scroll            |       |     6 |       ||     6
  Eat: Pizza             |       |     1 |       ||     1
       Beef jerky        |       |     3 |       ||     3
Armor: Scale mail        |    46 |     8 |       ||    54
       Plate armour      |       |    48 |    55 ||   103
Dodge: Dodged            |    35 |    18 |     6 ||    59
Block: Shield            |    37 |    49 |    30 ||   116
